 Dungeon Crawl Stone Soup version 0.30.1-11-g7821555f0a (webtiles) character file.

Game seed: 4577894980774384562

62 Peloso the Shield-Bearer (level 3, 0/33 HPs)
             Began as a Minotaur Fighter on Dec 24, 2023.
             Killed by nerve-wracking pain
             ... invoked by Grinder
              (10 damage)
             ... on level 3 of the Dungeon.
             The game lasted 00:03:10 (1734 turns).

Peloso the Shield-Bearer (Minotaur Fighter)         Turns: 1734, Time: 00:03:11

Health: 0/33       AC:  7    Str: 20    XL:     3   Next: 85%
Magic:  2/2        EV:  9    Int:  5    God:
Gold:   133        SH: 10    Dex: 11    Spells: 2/2 levels left

rFire   . . .        a - +0 long sword
rCold   . . .        c - +0 buckler
rNeg    . . .        b - +0 scale mail
rPois   .            (helmet restricted)
rElec   .            (no cloak)
rCorr   .            (no gloves)
SInv    .            (no boots)
Will    .....        f - amulet of reflection Stlth
                     (no ring)
HPRegen 0.25/turn    (no ring)
MPRegen 0.08/turn

%: reflection
@: mighty
A: horns 2, retaliatory headbutt
a: no special abilities


You were on level 3 of the Dungeon.
You visited 1 branch of the dungeon, and saw 3 of its levels.

You collected 133 gold pieces.

Inventory:

Hand Weapons
 a - a +0 long sword (weapon)
Armour
 b - a +0 scale mail (worn)
 c - a +0 buckler (worn)
Jewellery
 f - an amulet of reflection (around neck)
 i - an amulet of guardian spirit
Scrolls
 e - a scroll of fog {unknown}
 g - a scroll of enchant weapon {unknown}
 h - 2 scrolls of immolation {unknown}
 j - a scroll of enchant armour {unknown}
 k - a scroll of blinking {unknown}
 m - a scroll of poison {unknown}
 o - a scroll of teleportation {unknown}
Potions
 l - 2 potions of degeneration {unknown}
 p - a potion of ambrosia {unknown}
 q - a potion of brilliance {unknown}


   Skills:
 + Level 3.9 Fighting
 + Level 3.3 Long Blades
 + Level 4.3 Armour
 + Level 0.4 Dodging
 + Level 4.4 Shields


You had 2 spell levels left.
You didn't know any spells.
Your spell library was empty.

Dungeon Overview and Level Annotations

Branches:
Dungeon (3/15)

Altars:

Annotations:
D:3 Grinder


Innate Abilities, Weirdness & Mutations

You have a pair of horns on your head.
You reflexively headbutt those who attack you in melee.


Message History

You barely miss Grinder.
Grinder is moderately wounded.
Grinder blinks!
Grinder blinks!
You barely miss Grinder.
Grinder is moderately wounded.
Grinder gestures at you.
You suddenly lose the ability to move!
Grinder hits you but does no damage. Grinder gestures at you.
You shrug off the repeated paralysis!
Grinder hits you but does no damage.
Grinder says, "Wait up."
Grinder hits you.
You writhe in agony.
You can move again.
You hit Grinder. You headbutt Grinder!
Grinder is heavily wounded.
You block Grinder's attack. Grinder hits you.
Unknown command.
You closely miss Grinder.
Grinder is heavily wounded.
You block Grinder's attack.
Unknown command.
You closely miss Grinder.
Grinder is heavily wounded.
Grinder hits you.
You writhe in agony.
Unknown command.
You slash Grinder!
Grinder is severely wounded.
Grinder blinks!
Unknown command.
Found a scroll labelled BUSECO ITEPHEO.
Unknown command.
Grinder attacks as you move away! Grinder hits you.
Found a scroll labelled ZOERYO JALABI.
You hit Grinder.
Grinder is almost dead.
Grinder gestures at you. Pain shoots through your body!
You die...

#.##.. ...#
..?##.#... ...#
#.. ..... #..#
#.# #.#.# #..#
#.# #...# #..#
#.# #..# #..#
#.####..####.<#
###.............#
#.@5............#
#.######..#######
#. #<.# ?. #..#
##. ...# .. ....#
.. .≈.... ≈≈
≈.......
≈≈≈...###


You could see Grinder.

Vanquished Creatures
  2 adders (D:2)
  2 dart slugs (D:2)
  4 bats (D:1)
  3 endoplasms
  2 giant cockroaches (D:2)
  7 goblins
  3 hobgoblins
  3 kobolds
  3 quokkas
  3 ball pythons
  5 frilled lizards
  A rat (D:1)
38 creatures vanquished.

Notes
Turn   | Place    | Note
-------+----------+-------------------------------------------
     0 | D:1      | Peloso the Minotaur Fighter began the quest for the Orb.
     0 | D:1      | Reached XP level 1. HP: 19/19 MP: 0/0
   159 | D:1      | Reached XP level 2. HP: 27/27 MP: 1/1
   727 | D:2      | Reached XP level 3. HP: 12/33 MP: 2/2
  1586 | D:3      | Noticed Grinder
  1723 | D:3      | Paralysed by Grinder for 5 turns
  1734 | D:3      | Killed from afar by Grinder

Illustrated notes

Levels and vault maps discovered:
D:1:      dpeg_arrival_stone_temple_mockup, layout_basic
D:2:      layout_basic, kennysheep_boxes
D:3:      layout_loops_ring, mainiacjoe_overflow_alcove_2,
          nicolae_qazlal_general_emergency, zin_purify, basic_ecumenical_altar,
          cheibrodos_sewer_entry_drain, ebering_ghost_disaster_area,
          uniq_grinder

Skill      XL: |  1  2  3 |
---------------+----------+-----
Shields        | 4 |  4.4
Armour         | 4 |  4.3
Long Blades    | 3 |  3.3
Fighting       | |  3.9
Dodging        | |  0.4

Action                     || total
---------------------------++-------
  Melee: Long sword        ||   135
         Headbutt          ||    13
    Use: Potion            ||     6
 Armour: Scale mail        ||    67
  Dodge: Dodged            ||    62
  Block: Buckler           ||    77
         Reflection        ||     2
